 Dungeon Crawl Stone Soup version 0.30-a0-777-ga9a30cbeda (webtiles) character file.

Game seed: 16441997587856622908

242 sankara the Chopper (level 6, -4/51 HPs)
             Began as a Hill Orc Reaver on Feb 14, 2023.
             Slain by an ogre
             ... wielding a +0 giant club
              (29 damage)
             ... on level 4 of the Dungeon.
             The game lasted 00:12:13 (3098 turns).

sankara the Chopper (Hill Orc Reaver)               Turns: 3098, Time: 00:12:13

Health: -4/51      AC:  7    Str: 21    XL:     6   Next: 9%
Magic:  7/9        EV: 10    Int: 15    God:
Gold:   194        SH:  0    Dex: 15    Spells: 3/9 levels left

rFire   . . .      SeeInvis .    a - +0 hand axe
rCold   . . .      Faith    .    (no shield)
rNeg    . . .      Spirit   .    c - +0 scale mail
rPois   .          Reflect  .    (no helmet)
rElec   .          Harm     .    (no cloak)
rCorr   .          Rampage  .    (no gloves)
Will    .....                    B - +0 pair of boots Stlth
                                 (no amulet)
HPRegen 0.28/turn                p - +6 ring of dexterity
MPRegen 0.11/turn                r - +6 ring of strength

@: very slightly contaminated
A: no striking features
a: no special abilities


You were on level 4 of the Dungeon.
You visited 1 branch of the dungeon, and saw 4 of its levels.

You collected 194 gold pieces.

Inventory:

Hand Weapons
 a - a +0 hand axe (weapon)
Armour
 c - a +0 scale mail (worn)
   (You found it on level 1 of the Dungeon)
 q - a +0 plate armour
   (You found it on level 3 of the Dungeon)
 B - a +0 pair of boots (worn)
   (You found it on level 4 of the Dungeon)
Magical Staves
 i - a staff of cold {rC+}
   (You found it on level 2 of the Dungeon)
Jewellery
 p - a +6 ring of dexterity (left hand)
   (You found it on level 3 of the Dungeon)
 r - a +6 ring of strength (right hand)
   (You found it on level 3 of the Dungeon)
 x - an amulet of faith {Faith, !P}
   (You found it on level 3 of the Dungeon)
Scrolls
 d - 8 scrolls of identify {unknown}
 e - a scroll of magic mapping {unknown}
 m - a scroll of silence {unknown}
 n - a scroll of noise {unknown}
 s - 2 scrolls of poison {unknown}
 t - a scroll of immolation {unknown}
 u - a scroll of blinking {unknown}
 w - 3 scrolls of fear {unknown}
Potions
 f - a potion of attraction {unknown}
 h - a potion of brilliance {unknown}
 j - 2 potions of curing {unknown}
 k - a potion of lignification {unknown}
 v - a potion of might {unknown}
 z - a potion of flight {unknown}


   Skills:
 + Level 3.5 Fighting
 * Level 5.8 Axes
 + Level 2.0 Armour
 + Level 2.3 Dodging
 + Level 2.2 Spellcasting
 + Level 3.6 Conjurations
 + Level 0.3 Translocations


You had 3 spell levels left.
You knew the following spells:

 Your Spells              Type           Power      Damage    Failure   Level
a - Kiss of Death         Conj/Necr      28%        2d7       28%         1
b - Momentum Strike       Conj/Tloc      14%        3d8       38%         2
c - Hailstorm             Conj/Ice       7%         3d4       65%         3

Your spell library contained the following spells:

 Spells                   Type           Power      Damage    Failure   Level
 Portal Projectile        Hex/Tloc       4%         N/A       86%         3
 Call Canine Familiar     Summ           1%         N/A       88%         3
 Iskenderun's Battlesphe  Conj           12%        2d7       98%         5
 Leda's Liquefaction      Hex/Erth       0%         N/A       99%         4
 Fireball                 Conj/Fire      3%         3d4       100%        5
 Conjure Ball Lightning   Conj/Air       3%         3x3d6     100%        6
 Orb of Destruction       Conj           6%         9d6       100%        7


Dungeon Overview and Level Annotations

Branches:
Dungeon (4/15)
 Temple: D:4-7

Altars:


Message History

A ball python comes into view.
The ball python hisses angrily.
A jackal comes into view.
You slash the adder!
The adder is severely wounded.
The adder barely misses you.
You closely miss the adder.
The adder is severely wounded.
You slash the worm! The adder bites you. The worm bites you.
You barely miss the adder.
The adder is severely wounded.
You barely miss the ball python. You completely miss the worm.
The ball python closely misses you. x2; The adder completely misses you.
You miss the adder.
The adder is severely wounded.
You barely miss the ball python. You hit the worm. You barely miss the jackal.
The ball python barely misses you. The ball python closely misses you.
The adder bites you but does no damage. The jackal bites you.
The worm bites you!
The ball python bites you but does no damage.
The ball python closely misses you.
You barely miss the adder.
The adder is severely wounded.
You hit the worm. You hit the jackal. You hit the ball python.
The adder bites you. The jackal closely misses you.
The ball python closely misses you. The ball python barely misses you.
The adder bites you but does no damage.
The jackal bites you but does no damage.
Unknown command.
You hit the jackal but do no damage.
The jackal is almost dead.
You hit the ball python.
You kill the ball python!
You hit the worm. You closely miss the adder. The adder closely misses you.
The jackal barely misses you. The worm bites you but does no damage.
You hit the jackal but do no damage.
The jackal is almost dead.
You closely miss the adder. You barely miss the worm.
The adder bites you but does no damage. The jackal barely misses you.
The worm bites you. The jackal bites you. The adder barely misses you.
Unknown command.
You are too injured to fight recklessly!
Unknown command.
You are too injured to fight recklessly!
You hit the jackal.
You kill the jackal!
You hit the worm. You barely miss the adder. The adder barely misses you.
Unknown command.
You hit the adder.
You kill the adder!
You hit the worm.
You kill the worm!
Unknown command.
You start putting on your armour.
You continue putting on your +0 pair of boots. x4
You finish putting on your +0 pair of boots.
Unknown command.
You drop a +0 leather armour.
You drop a +0 robe.
You drop a +0 ring mail. x2
You drop a +0 leather armour. x2
You see here a ball python corpse.
A jackal comes into view.
The jackal bites you but does no damage.
You closely miss the jackal.
The jackal bites you but does no damage.
You slash the jackal!
You kill the jackal!
No target in view!
No target in view!
You see here a +1 dagger of speed.
You now have 186 gold pieces (gained 10).
Key pressed, stopping explore.
You now have 194 gold pieces (gained 8).
An ogre comes into view. It is wielding a +0 giant club.
The ogre shouts!
The ogre moves out of view.
Found a stone staircase leading down.
You hit the ogre but do no damage.
The ogre hits you with a +0 giant club!!
Ouch! That really hurt!
You are too injured to fight recklessly!
Casting: Momentum Strike (dangerous; 38% risk of failure)
Confirm with . or Enter, or press ? or * to list all spells.
Aiming: Kiss of Death (safe; 28% risk of failure)
Press: ? - help, Shift-Dir - straight line, f - ogre
Aim: an ogre, wielding a +0 giant club (100% to hit)
You miscast Kiss of Death.
You are very lightly contaminated with residual magic.
Nothing appears to happen.
Unknown command.
Casting: Kiss of Death (safe; 28% risk of failure)
Confirm with . or Enter, or press ? or * to list all spells.
Aiming: Kiss of Death (safe; 28% risk of failure)
Press: ? - help, Shift-Dir - straight line, f/p - ogre
Aim: an ogre, wielding a +0 giant club (100% to hit)
You miscast Kiss of Death.
Nothing appears to happen.
The ogre hits you with a +0 giant club!!
Ouch! That really hurt!
You die...

######## ........
##...... ...#... #..##.#
#..##O# ###
############..##@#...###
.......................>
#######.#........#...##.
........#.....####...#
........#........+ ....
... ........#..###.###
..##....#
.................( ..
...# ........#..###.###
###....# ........#..#
.########....#####.


You could see an ogre.

Vanquished Creatures
  A necrophage (D:3)
  A hound (D:4)
  An orc priest (D:4)
  3 adders
  An ufetubus (D:4)
  5 worms
  A dart slug (D:1)
  4 orcs
  4 bats
  2 endoplasms
  A giant cockroach (D:3)
  12 goblins
  4 hobgoblins
  5 jackals
  3 kobolds
  2 quokkas
  9 ball pythons
  8 frilled lizards
  4 rats
71 creatures vanquished.

Notes
Turn   | Place    | Note
-------+----------+-------------------------------------------
     0 | D:1      | sankara the Hill Orc Reaver began the quest for the Orb.
     0 | D:1      | Reached XP level 1. HP: 18/18 MP: 3/3
   240 | D:1      | Reached XP level 2. HP: 22/22 MP: 4/4
   829 | D:2      | Reached XP level 3. HP: 29/29 MP: 5/5
   836 | D:2      | Learned a level 2 spell: Momentum Strike
  1063 | D:2      | Found a faded altar of an unknown god.
  1215 | D:2      | Reached skill level 1 in Armour
  1565 | D:3      | HP: 6/30 [poisoned by an adder]
  1570 | D:3      | HP: 3/30 [poisoned by an adder]
  1699 | D:3      | Reached XP level 4. HP: 22/37 MP: 6/6
  1707 | D:3      | Learned a level 3 spell: Hailstorm
  1775 | D:3      | Reached skill level 5 in Axes
  1814 | D:3      | HP: 9/37 [frilled lizard (2)]
  1975 | D:3      | Noticed a necrophage
  1995 | D:3      | HP: 8/33 [necrophage (2)]
  2005 | D:3      | HP: 7/33 [necrophage (3)]
  2019 | D:3      | HP: 5/32 [necrophage (5)]
  2022 | D:3      | Killed a necrophage
  2023 | D:3      | Reached skill level 3 in Fighting
  2023 | D:3      | Reached skill level 2 in Dodging
  2023 | D:3      | Reached skill level 2 in Spellcasting
  2023 | D:3      | Reached XP level 5. HP: 6/45 MP: 3/8
  2516 | D:3      | Identified the +6 short sword of the Crushed Moons {vamp,
                  | rPois rF- Str+3 Dex+2}
  2943 | D:4      | Reached skill level 2 in Armour
  2943 | D:4      | Reached XP level 6. HP: 49/51 MP: 9/9
  3098 | D:4      | Slain by an ogre

Illustrated notes

Levels and vault maps discovered:
D:1:      eino_arrival_druids_welcome, layout_basic
D:2:      layout_basic, chequers_ecumenical_altar_island,
          minmay_misc_feat_enclosed
D:3:      kennysheep_the_goblin_king, layout_rooms
D:4:      layout_basic

Skill      XL: |  1  2  3  4  5 |
---------------+----------------+-----
Armour         | 1 2 |  2.0
Axes           | 5 |  5.8
Fighting       | 3 |  3.5
Dodging        | 2 |  2.3
Spellcasting   | 2 |  2.2
Conjurations   | |  3.6
Translocations | |  0.3

Action                     |  1- 3 |  4- 6 || total
---------------------------+-------+-------++-------
  Melee: Hand axe          |   157 |   149 ||   306
         Punch             |     2 |     3 ||     5
   Cast: Kiss of Death     |     1 |       ||     1
         Momentum Strike   |       |     1 ||     1
 Armour: Scale mail        |    66 |    57 ||   123
         Leather armour    |     3 |       ||     3
  Dodge: Dodged            |    76 |    89 ||   165

Table legend: (Time is in decaauts)
 A = Elapsed time spent in this place.
 B = Non-inter-level travel time spent in this place.
 C = Inter-level travel time spent in this place.
 D = Time resting spent in this place.
 E = Time spent auto-exploring this place.
 F = Levels seen in this place.
 G = Mean time per level.
                   A        B        C        D        E       F      G
               +--------+--------+--------+--------+--------+-----+--------+
         Total |   3119 |   3038 |     81 |    478 |   1841 |   4 |  779.8 |
       Dungeon |   3119 |   3038 |     81 |    478 |   1841 |   4 |  779.8 |
               +--------+--------+--------+--------+--------+-----+--------+

Top non-repeatable levels by time:
     D:3: 1145 daAuts
     D:2: 832 daAuts
     D:1: 811 daAuts
     D:4: 330 daAuts

Table legend:
 A = Kills in this place as a percentage of kills in entire the game.
 B = Kills by you in this place as a percentage of kills by you in the entire game.
 C = Kills by friends in this place as a percentage of kills by friends in the entire game.
 D = Other kills in this place as a percentage of other kills in the entire game.
 E = Experience gained in this place as a percentage of experience gained in the entire game.
 F = Experience gained in this place divided by the number of levels of this place that you have seen.
                   A       B       C       D       E      F
               +-------+-------+-------+-------+-------+----------------------
         Total | 100.0 | 100.0 |   N/A |   N/A | 100.0 |  86.5
       Dungeon | 100.0 | 100.0 |   N/A |   N/A | 100.0 |  86.5
               +-------+-------+-------+-------+-------+----------------------
